General information
- name: BNet
- type: Ladder team game (AT/RT)
- host: Battle.net
- saver: dogsandhorse.ru
map: Slalom
- players: 8
- length: 55:35
- speed: Fast
- version: 1.21 W3XP
- replay type:

» download(390 KB)
Players
team 1 (loser)
FaTaLiTy[R.i.P] (
blue | 41 APM | 2127 actions | 52:13)
4 Warden
2 Shadow Strike
2 Blink
4 Priestess of the Moon
2 Trueshot Aura
2 Searing Arrows
1 Blademaster
1 Wind Walk
» actions
| Assign group hotkey | 18 | |
| Basic commands | 2 | |
| Build / train | 62 | |
| ESC pressed | 1 | |
| Enter build submenu | 21 | |
| Enter hero's abilities submenu | 9 | |
| Give item / drop item | 2 | |
| Remove unit from queue | 1 | |
| Right click | 795 | |
| Select / deselect | 396 | |
| Select group hotkey | 713 | |
| Use ability | 105 | |
2127 total
» units
| Wisp | 21 | |
| Dryad | 8 | |
| Faerie Dragon | 6 | |
| Mountain Giant | 2 | |
37 total
» upgrades
| Strength of the Wild | 2 | |
| Reinforced Hides | 2 | |
| Abolish Magic | 1 | |
5 total
» buildings
| Altar of Elders | 1 | |
| Moon Well | 7 | |
| Hunter's Hall | 1 | |
| Ancient Protector | 10 | |
| Tree of Ages | 1 | |
| Ancient of Lore | 3 | |
| Ancient of Wind | 1 | |
| Ancient of Wonders | 1 | |
| Tree of Life | 2 | |
| Tree of Eternity | 1 | |
28 total
» build order
00:13 Altar of Elders
00:16 Moon Well
01:37 Hunter's Hall
02:35 Moon Well
03:33 Ancient Protector
03:34 Ancient Protector
03:37 Ancient Protector
03:38 Ancient Protector
05:17 Tree of Ages
07:25 Moon Well
07:25 Moon Well
07:28 Moon Well
08:15 Ancient of Lore
08:17 Ancient of Lore
08:23 Ancient of Lore
08:30 Ancient of Wind
08:39 Ancient of Wonders
12:12 Moon Well
15:06 Moon Well
15:35 Tree of Life
24:00 Tree of Life
24:07 Ancient Protector
24:12 Ancient Protector
24:14 Ancient Protector
24:19 Ancient Protector
26:13 Ancient Protector
26:22 Ancient Protector
38:30 Tree of Eternity
» items
| Boots of Speed | 1 | |
| Staff of Teleportation | 1 | |
| Scroll of Town Portal | 2 | |
| Orb of Venom | 1 | |
| Staff of Preservation | 1 | |
6 total

»
ToPhE (
orange | 24 APM | 1317 actions | 54:48)
3 Blademaster
1 Wind Walk
2 Critical Strike
» actions
| Basic commands | 10 | |
| Build / train | 58 | |
| Enter build submenu | 25 | |
| Enter hero's abilities submenu | 3 | |
| Right click | 875 | |
| Select / deselect | 307 | |
| Use ability | 39 | |
1317 total
» units
| Peon | 10 | |
| Wind Rider | 11 | |
| Demolisher | 20 | |
41 total
» upgrades
| Ranged Weapons | 1 | |
| Armor | 1 | |
| Burning Oil | 1 | |
| Envenomed Spears | 1 | |
4 total
» buildings
| Altar of Storms | 1 | |
| Orc Burrow | 7 | |
| War Mill | 1 | |
| Watch Tower | 4 | |
| Stronghold | 1 | |
| Voodoo Lounge | 2 | |
| Beastiary | 2 | |
| Barracks | 3 | |
| Fortress | 1 | |
| Great Hall | 1 | |
23 total
» build order
00:30 Altar of Storms
00:36 Orc Burrow
01:02 War Mill
02:02 Orc Burrow
02:45 Watch Tower
03:42 Stronghold
04:12 Watch Tower
04:31 Voodoo Lounge
05:29 Orc Burrow
06:09 Beastiary
06:17 Beastiary
07:59 Barracks
08:08 Barracks
08:13 Orc Burrow
09:31 Fortress
09:43 Orc Burrow
12:54 Great Hall
13:16 Orc Burrow
13:40 Voodoo Lounge
15:12 Orc Burrow
18:17 Barracks
38:24 Watch Tower
38:28 Watch Tower
» items
| Healing Salve | 1 | |
| Potion of Healing | 2 | |
| Orb of Lightning | 1 | |
| Mechanical Critter | 3 | |
7 total
VaChiErSaLMaKaK (
green | 61 APM | 3175 actions | 52:02)
8 Warden
3 Shadow Strike
3 Blink
1 Spirit of Vengeance
1 Fan of Knives
1 Blademaster
1 Wind Walk
» actions
| Assign group hotkey | 11 | |
| Basic commands | 1 | |
| Build / train | 102 | |
| ESC pressed | 2 | |
| Enter build submenu | 24 | |
| Enter hero's abilities submenu | 9 | |
| Give item / drop item | 2 | |
| Remove unit from queue | 5 | |
| Right click | 1444 | |
| Select / deselect | 525 | |
| Select group hotkey | 937 | |
| Use ability | 112 | |
3175 total
» units
| Wisp | 36 | |
| Hippogryph | 6 | |
| Chimaera | 10 | |
52 total
» upgrades
| Strength of the Wild | 3 | |
| Reinforced Hides | 3 | |
| Corrosive Breath | 1 | |
| Well Spring | 1 | |
| Nature's Blessing | 1 | |
9 total
» buildings
| Altar of Elders | 1 | |
| Moon Well | 8 | |
| Ancient of Wonders | 1 | |
| Tree of Ages | 2 | |
| Tree of Life | 2 | |
| Hunter's Hall | 1 | |
| Ancient of Wind | 1 | |
| Ancient Protector | 2 | |
| Tree of Eternity | 4 | |
| Chimaera Roost | 3 | |
25 total
» build order
00:09 Altar of Elders
00:14 Moon Well
01:04 Ancient of Wonders
02:14 Moon Well
02:38 Tree of Ages
02:38 Tree of Ages
03:16 Tree of Life
03:28 Hunter's Hall
03:55 Moon Well
05:22 Ancient of Wind
05:28 Moon Well
05:30 Ancient Protector
05:30 Ancient Protector
07:25 Tree of Eternity
07:25 Tree of Eternity
07:25 Tree of Eternity
09:51 Chimaera Roost
10:10 Chimaera Roost
11:05 Chimaera Roost
12:11 Moon Well
12:37 Moon Well
13:09 Moon Well
14:06 Moon Well
19:25 Tree of Life
» items
| Lesser Clarity Potion | 5 | |
| Orb of Venom | 1 | |
| Scroll of Town Portal | 1 | |
| Ivory Tower | 4 | |
| Staff of Preservation | 1 | |
12 total
Warrior_Master (
teal | 16 APM | 905 actions | 55:33)
2 Paladin
1 Holy Light
1 Devotion Aura
2 Naga Sea Witch
1 Forked Lightning
1 Mana Shield
» actions
| Basic commands | 4 | |
| Build / train | 54 | |
| Enter build submenu | 26 | |
| Enter hero's abilities submenu | 4 | |
| Give item / drop item | 1 | |
| Remove unit from queue | 4 | |
| Right click | 458 | |
| Select / deselect | 297 | |
| Use ability | 55 | |
905 total
» units
| Peasant | 7 | |
| Footman | 10 | |
| Flying Machine | 5 | |
| Siege Engine | 1 | |
| Mortar Team | 5 | |
| Knight | 9 | |
37 total
» upgrades
» buildings
| Altar of Kings | 1 | |
| Farm | 11 | |
| Barracks | 1 | |
| Scout Tower | 3 | |
| Keep | 1 | |
| Lumber Mill | 1 | |
| Arcane Vault | 2 | |
| Guard Tower | 2 | |
| Blacksmith | 1 | |
| Castle | 1 | |
| Workshop | 2 | |
| Arcane Sanctum | 1 | |
27 total
» build order
00:16 Altar of Kings
00:23 Farm
00:46 Barracks
01:06 Farm
01:44 Farm
02:29 Farm
04:02 Farm
05:16 Scout Tower
05:19 Keep
05:44 Scout Tower
05:48 Scout Tower
06:48 Lumber Mill
07:31 Arcane Vault
08:10 Guard Tower
08:11 Guard Tower
09:33 Blacksmith
09:35 Castle
10:50 Workshop
12:04 Workshop
13:00 Farm
13:20 Farm
13:57 Farm
15:23 Farm
17:38 Farm
17:43 Farm
44:38 Arcane Sanctum
46:26 Arcane Vault
team 2 (winner)
AlasPoorYorick (
red | 80 APM | 4472 actions | 55:34)
6 Dark Ranger
2 Black Arrow
3 Silence
1 Charm
5 Goblin Alchemist
3 Chemical Rage
2 Healing Spray
4 Firelord
2 Soul Burn
2 Summon Lava Spawn
» actions
| Assign group hotkey | 18 | |
| Basic commands | 379 | |
| Build / train | 81 | |
| ESC pressed | 1 | |
| Enter build submenu | 21 | |
| Enter hero's abilities submenu | 16 | |
| Give item / drop item | 4 | |
| Remove unit from queue | 1 | |
| Right click | 2129 | |
| Select / deselect | 752 | |
| Select group hotkey | 919 | |
| Use ability | 148 | |
4472 total
» units
| Wisp | 28 | |
| Frost Revenant | 1 | |
| Chimaera | 5 | |
34 total
» upgrades
| Ultravision | 1 | |
| Strength of the Wild | 3 | |
| Reinforced Hides | 3 | |
| Well Spring | 1 | |
| Nature's Blessing | 1 | |
| Corrosive Breath | 1 | |
10 total
» buildings
| Altar of Elders | 4 | |
| Moon Well | 11 | |
| Tree of Ages | 1 | |
| Hunter's Hall | 1 | |
| Tree of Eternity | 1 | |
| Tree of Life | 1 | |
| Ancient of Wind | 1 | |
| Chimaera Roost | 3 | |
| Ancient of Wonders | 1 | |
| Altar of Storms | 1 | |
25 total
» build order
00:09 Altar of Elders
00:22 Moon Well
01:22 Moon Well
05:13 Tree of Ages
05:24 Moon Well
05:26 Moon Well
05:32 Moon Well
05:33 Moon Well
05:41 Altar of Elders
07:25 Moon Well
07:28 Moon Well
07:33 Hunter's Hall
08:21 Moon Well
08:29 Moon Well
09:36 Tree of Eternity
10:05 Tree of Life
11:04 Ancient of Wind
14:16 Chimaera Roost
14:18 Chimaera Roost
14:20 Chimaera Roost
15:41 Ancient of Wonders
21:56 Altar of Elders
23:09 Altar of Elders
25:32 Moon Well
54:50 Altar of Storms
» items
| Boots of Speed | 3 | |
| Staff of Teleportation | 3 | |
| Orb of Lightning | 1 | |
| Scroll of Speed | 2 | |
| Scroll of Town Portal | 5 | |
14 total
dogsandhorse.ru (
pink | 79 APM | 4400 actions | 55:35)
5 Pit Lord
3 Rain of Fire
2 Cleaving Attack
4 Pandaren Brewmaster
2 Breath of Fire
2 Drunken Haze
2 Goblin Tinker
1 Cluster Rockets
1 Engineering Upgrade
» actions
| Assign group hotkey | 14 | |
| Basic commands | 2 | |
| Build / train | 128 | |
| Enter build submenu | 55 | |
| Enter hero's abilities submenu | 12 | |
| Give item / drop item | 22 | |
| Remove unit from queue | 10 | |
| Right click | 2605 | |
| Select / deselect | 506 | |
| Select group hotkey | 657 | |
| Use ability | 386 | |
4400 total
» units
| Peasant | 11 | |
| Priest | 2 | |
| Sorceress | 6 | |
19 total
» upgrades
| Masonry | 2 | |
| Magic Sentry | 1 | |
| Priest Training | 2 | |
| Sorceress Training | 2 | |
7 total
» buildings
| Lumber Mill | 1 | |
| Farm | 4 | |
| Altar of Kings | 1 | |
| Scout Tower | 78 | |
| Arcane Tower | 3 | |
| Guard Tower | 39 | |
| Keep | 1 | |
| Town Hall | 3 | |
| Arcane Sanctum | 1 | |
| Castle | 1 | |
| Arcane Vault | 3 | |
135 total
» build order
00:14 Lumber Mill
00:43 Farm
01:22 Altar of Kings
01:23 Scout Tower
01:35 Scout Tower
01:46 Scout Tower
02:09 Arcane Tower
02:33 Scout Tower
02:35 Guard Tower
02:37 Scout Tower
02:43 Scout Tower
02:57 Scout Tower
03:06 Guard Tower
03:06 Guard Tower
03:12 Guard Tower
03:21 Farm
03:36 Scout Tower
03:54 Guard Tower
04:16 Guard Tower
04:18 Scout Tower
04:45 Scout Tower
04:47 Scout Tower
04:48 Scout Tower
04:59 Guard Tower
05:01 Scout Tower
05:04 Keep
05:06 Scout Tower
05:08 Scout Tower
05:08 Scout Tower
05:09 Scout Tower
05:14 Farm
05:14 Farm
05:47 Guard Tower
06:00 Guard Tower
06:24 Scout Tower
06:26 Scout Tower
06:26 Scout Tower
06:31 Arcane Tower
06:32 Guard Tower
06:32 Guard Tower
06:43 Scout Tower
06:45 Scout Tower
06:48 Scout Tower
07:04 Town Hall
07:05 Guard Tower
07:06 Guard Tower
07:06 Guard Tower
07:20 Scout Tower
07:21 Scout Tower
07:22 Scout Tower
07:35 Arcane Sanctum
07:43 Arcane Tower
07:43 Guard Tower
07:44 Guard Tower
07:47 Scout Tower
08:00 Guard Tower
08:00 Guard Tower
08:08 Guard Tower
08:08 Guard Tower
08:28 Guard Tower
08:42 Scout Tower
08:45 Scout Tower
08:46 Scout Tower
08:47 Scout Tower
08:49 Scout Tower
08:50 Scout Tower
09:04 Scout Tower
09:05 Scout Tower
09:05 Scout Tower
09:07 Scout Tower
09:56 Guard Tower
10:41 Guard Tower
10:46 Guard Tower
10:49 Scout Tower
10:49 Scout Tower
10:50 Scout Tower
10:51 Scout Tower
10:53 Scout Tower
10:55 Scout Tower
10:56 Scout Tower
10:57 Scout Tower
10:59 Scout Tower
11:00 Scout Tower
11:40 Guard Tower
11:53 Castle
12:02 Guard Tower
12:04 Guard Tower
12:05 Guard Tower
12:06 Guard Tower
12:25 Guard Tower
12:25 Guard Tower
12:29 Scout Tower
12:30 Scout Tower
12:31 Scout Tower
12:33 Scout Tower
12:34 Scout Tower
12:35 Scout Tower
12:36 Scout Tower
12:37 Scout Tower
12:38 Scout Tower
13:02 Arcane Vault
13:30 Guard Tower
13:33 Scout Tower
13:37 Scout Tower
13:42 Scout Tower
13:45 Scout Tower
13:46 Scout Tower
13:47 Scout Tower
13:50 Scout Tower
13:51 Scout Tower
13:52 Scout Tower
14:33 Guard Tower
14:41 Scout Tower
14:43 Scout Tower
14:46 Scout Tower
14:46 Scout Tower
14:47 Guard Tower
15:23 Guard Tower
15:26 Scout Tower
15:26 Scout Tower
15:27 Scout Tower
15:44 Scout Tower
16:26 Guard Tower
17:53 Scout Tower
17:57 Scout Tower
18:08 Scout Tower
18:35 Arcane Vault
18:36 Arcane Vault
18:57 Scout Tower
19:00 Scout Tower
19:01 Guard Tower
20:15 Guard Tower
20:15 Guard Tower
21:39 Town Hall
21:45 Town Hall
» items
| Boots of Speed | 3 | |
| Staff of Teleportation | 3 | |
| Orb of Lightning | 3 | |
| Healing Salve | 1 | |
| Staff of Sanctuary | 3 | |
| Periapt of Vitality | 1 | |
| Scroll of Town Portal | 19 | |
33 total
nautpadinkin.no (
purple | 119 APM | 6604 actions | 55:33)
5 Dark Ranger
3 Black Arrow
2 Life Drain
5 Naga Sea Witch
3 Frost Arrows
2 Forked Lightning
4 Pandaren Brewmaster
2 Breath of Fire
1 Drunken Haze
1 Drunken Brawler
» actions
| Assign group hotkey | 138 | |
| Basic commands | 49 | |
| Build / train | 95 | |
| Enter build submenu | 48 | |
| Enter hero's abilities submenu | 14 | |
| Give item / drop item | 6 | |
| Remove unit from queue | 1 | |
| Right click | 2633 | |
| Select / deselect | 468 | |
| Select group hotkey | 2920 | |
| Use ability | 230 | |
6604 total
» units
» upgrades
| Spiked Barricades | 3 | |
| Reinforced Defenses | 1 | |
| Ranged Weapons | 3 | |
| Armor | 3 | |
| Liquid Fire | 1 | |
| Melee Weapons | 0 | |
11 total
» buildings
| War Mill | 2 | |
| Orc Burrow | 4 | |
| Altar of Storms | 2 | |
| Watch Tower | 33 | |
| Voodoo Lounge | 6 | |
| Stronghold | 1 | |
| Fortress | 4 | |
| Beastiary | 2 | |
| Great Hall | 1 | |
55 total
» build order
00:05 War Mill
00:18 Orc Burrow
01:35 Altar of Storms
01:51 Watch Tower
01:59 Altar of Storms
02:11 Voodoo Lounge
02:40 Voodoo Lounge
03:00 Watch Tower
03:16 Orc Burrow
03:28 Watch Tower
04:26 Stronghold
04:43 Voodoo Lounge
04:57 Watch Tower
05:39 Voodoo Lounge
05:51 Voodoo Lounge
06:15 Orc Burrow
07:17 Watch Tower
07:18 Watch Tower
08:07 Fortress
08:07 Fortress
08:07 Fortress
08:37 Watch Tower
09:01 Beastiary
09:04 Orc Burrow
10:09 Beastiary
10:29 Watch Tower
12:16 Great Hall
16:03 Watch Tower
16:07 Watch Tower
16:14 Watch Tower
16:15 Watch Tower
16:16 Watch Tower
16:17 Watch Tower
19:55 Watch Tower
19:56 Watch Tower
19:58 Watch Tower
20:02 Watch Tower
20:04 Watch Tower
20:05 Watch Tower
20:06 Watch Tower
24:25 Watch Tower
24:28 Voodoo Lounge
26:41 Watch Tower
27:47 Watch Tower
27:47 Watch Tower
29:52 Watch Tower
29:53 Watch Tower
29:56 Watch Tower
32:37 Watch Tower
32:38 Watch Tower
34:09 War Mill
34:44 Watch Tower
34:45 Watch Tower
35:24 Watch Tower
» items
| Orb of Lightning | 3 | |
| Lesser Clarity Potion | 3 | |
| Healing Salve | 4 | |
| Scroll of Town Portal | 11 | |
| Staff of Sanctuary | 3 | |
| Boots of Speed | 2 | |
| Staff of Teleportation | 1 | |
27 total
nutsonyochin.de (
yellow | 71 APM | 3936 actions | 55:34)
4 Archmage
2 Blizzard
2 Brilliance Aura
5 Goblin Tinker
3 Cluster Rockets
2 Engineering Upgrade
4 Blood Mage
2 Flame Strike
2 Siphon Mana
» actions
| Assign group hotkey | 11 | |
| Basic commands | 82 | |
| Build / train | 114 | |
| ESC pressed | 6 | |
| Enter build submenu | 78 | |
| Enter hero's abilities submenu | 14 | |
| Give item / drop item | 3 | |
| Right click | 1607 | |
| Select / deselect | 397 | |
| Select group hotkey | 1196 | |
| Use ability | 428 | |
3936 total
» units
| Peasant | 18 | |
| Dragonhawk Rider | 3 | |
21 total
» upgrades
| Masonry | 3 | |
| Magic Sentry | 1 | |
| Cloud | 1 | |
| Armor | 3 | |
| Swords | 3 | |
| Animal War Training | 1 | |
| Lumber Harvesting | 1 | |
13 total
» buildings
| Altar of Kings | 3 | |
| Lumber Mill | 1 | |
| Farm | 9 | |
| Scout Tower | 115 | |
| Arcane Tower | 2 | |
| Guard Tower | 41 | |
| Keep | 1 | |
| Arcane Vault | 1 | |
| Town Hall | 2 | |
| Arcane Sanctum | 2 | |
| Castle | 1 | |
| Gryphon Aviary | 2 | |
| Blacksmith | 1 | |
| Barracks | 1 | |
182 total
» build order
01:10 Altar of Kings
01:13 Lumber Mill
01:19 Farm
01:27 Farm
01:47 Scout Tower
02:13 Scout Tower
02:16 Scout Tower
02:30 Arcane Tower
02:32 Scout Tower
02:45 Guard Tower
02:47 Guard Tower
02:48 Scout Tower
02:59 Scout Tower
03:00 Scout Tower
03:02 Guard Tower
03:18 Guard Tower
03:21 Scout Tower
03:35 Guard Tower
03:55 Guard Tower
04:11 Guard Tower
04:15 Scout Tower
04:45 Keep
04:48 Guard Tower
04:52 Arcane Vault
05:03 Town Hall
05:08 Scout Tower
05:08 Scout Tower
05:09 Scout Tower
05:11 Scout Tower
05:13 Scout Tower
05:15 Scout Tower
05:42 Guard Tower
05:54 Guard Tower
06:10 Scout Tower
06:11 Scout Tower
06:12 Scout Tower
06:12 Scout Tower
06:46 Scout Tower
06:47 Scout Tower
06:48 Scout Tower
07:11 Guard Tower
07:17 Arcane Sanctum
07:21 Guard Tower
07:42 Guard Tower
08:03 Scout Tower
08:06 Scout Tower
08:10 Arcane Sanctum
08:12 Guard Tower
08:14 Scout Tower
08:15 Scout Tower
08:33 Guard Tower
08:35 Scout Tower
08:42 Guard Tower
08:49 Scout Tower
08:49 Scout Tower
08:50 Scout Tower
08:50 Scout Tower
08:51 Scout Tower
09:16 Guard Tower
09:17 Scout Tower
09:25 Guard Tower
09:36 Scout Tower
09:42 Scout Tower
09:43 Scout Tower
09:49 Guard Tower
09:51 Scout Tower
09:51 Scout Tower
09:53 Scout Tower
09:54 Scout Tower
09:55 Scout Tower
10:07 Scout Tower
10:21 Guard Tower
10:48 Guard Tower
10:58 Castle
11:02 Gryphon Aviary
11:03 Gryphon Aviary
11:07 Farm
11:08 Farm
11:10 Farm
11:11 Farm
11:12 Farm
11:14 Farm
11:15 Farm
11:21 Guard Tower
11:25 Guard Tower
11:27 Scout Tower
11:28 Scout Tower
11:31 Scout Tower
11:32 Scout Tower
11:33 Scout Tower
11:34 Scout Tower
11:35 Scout Tower
11:36 Scout Tower
11:36 Scout Tower
11:37 Scout Tower
11:38 Scout Tower
11:38 Scout Tower
11:39 Scout Tower
12:35 Blacksmith
12:36 Barracks
13:02 Guard Tower
13:13 Guard Tower
13:16 Scout Tower
13:17 Scout Tower
13:18 Scout Tower
13:19 Scout Tower
13:20 Scout Tower
13:22 Scout Tower
13:24 Scout Tower
13:25 Scout Tower
13:26 Scout Tower
13:27 Scout Tower
13:40 Guard Tower
15:06 Guard Tower
15:45 Guard Tower
15:46 Scout Tower
15:47 Scout Tower
15:48 Scout Tower
15:49 Scout Tower
15:49 Scout Tower
15:50 Scout Tower
15:51 Scout Tower
15:52 Scout Tower
15:58 Scout Tower
15:59 Scout Tower
16:00 Scout Tower
16:01 Scout Tower
16:02 Scout Tower
16:02 Scout Tower
16:03 Scout Tower
16:03 Scout Tower
16:39 Scout Tower
16:40 Scout Tower
16:41 Scout Tower
16:42 Scout Tower
16:42 Scout Tower
16:43 Scout Tower
16:54 Guard Tower
17:01 Scout Tower
17:02 Scout Tower
17:02 Scout Tower
17:03 Scout Tower
17:10 Guard Tower
17:35 Guard Tower
17:56 Guard Tower
18:00 Guard Tower
18:52 Scout Tower
18:53 Scout Tower
18:53 Scout Tower
18:54 Scout Tower
18:58 Guard Tower
19:12 Scout Tower
19:13 Scout Tower
19:15 Scout Tower
19:16 Scout Tower
19:17 Scout Tower
20:11 Guard Tower
20:13 Scout Tower
20:14 Scout Tower
20:15 Scout Tower
20:15 Scout Tower
20:16 Scout Tower
20:16 Scout Tower
20:17 Scout Tower
20:18 Scout Tower
20:19 Scout Tower
20:19 Scout Tower
20:22 Scout Tower
20:22 Scout Tower
20:24 Guard Tower
21:31 Guard Tower
21:56 Town Hall
22:15 Guard Tower
22:39 Guard Tower
24:10 Guard Tower
25:30 Scout Tower
25:32 Scout Tower
25:33 Scout Tower
25:47 Guard Tower
27:33 Altar of Kings
27:34 Altar of Kings
28:01 Arcane Tower
» items
| Staff of Teleportation | 3 | |
| Boots of Speed | 3 | |
| Healing Salve | 2 | |
| Lesser Clarity Potion | 1 | |
| Staff of Sanctuary | 3 | |
| Orb of Lightning | 3 | |
| Scroll of Regeneration | 1 | |
16 total
Chat log
(00:05 / All) nutsonyochin.de: HOLY
(00:08 / All) nautpadinkin.no: BALLS
(00:10 / All) nautpadinkin.no: BALLS
(00:13 / All) nautpadinkin.no: BALLS
(00:15 / All) nautpadinkin.no: 3xballs
(00:33 / All) FaTaLiTy[R.i.P]: BeN Wé !!! xD
(00:34 / All) FaTaLiTy[R.i.P]: BeN Wé !!! xD
(00:35 / All) FaTaLiTy[R.i.P]: BeN Wé !!! xD
(00:35 / All) FaTaLiTy[R.i.P]: BeN Wé !!! xD
(00:36 / All) FaTaLiTy[R.i.P]: BeN Wé !!! xD
(00:36 / All) FaTaLiTy[R.i.P]: BeN Wé !!! xD
(00:37 / All) FaTaLiTy[R.i.P]: BeN Wé !!! xD
(00:37 / All) FaTaLiTy[R.i.P]: BeN Wé !!! xD
(00:37 / All) FaTaLiTy[R.i.P]: BeN Wé !!! xD
(00:38 / All) FaTaLiTy[R.i.P]: BeN Wé !!! xD
(00:43 / All) FaTaLiTy[R.i.P]: BeN Wé !!! xD
(00:44 / All) FaTaLiTy[R.i.P]: BeN Wé !!! xD
(00:44 / All) FaTaLiTy[R.i.P]: BeN Wé !!! xD
(00:45 / All) FaTaLiTy[R.i.P]: BeN Wé !!! xD
(00:45 / All) FaTaLiTy[R.i.P]: BeN Wé !!! xD
(00:45 / All) FaTaLiTy[R.i.P]: BeN Wé !!! xD
(00:46 / All) nutsonyochin.de: stfu retard FROG RIBBIT RIBBIT
(00:47 / All) nutsonyochin.de: RIBBIT
(00:48 / All) nutsonyochin.de: http://www.battle.net/forums/war3/thread.aspx?fn=war3-general&t=2068208&s=new&tmp=1#new
(00:48 / All) nutsonyochin.de: http://www.battle.net/forums/war3/thread.aspx?fn=war3-general&t=2068208&s=new&tmp=1#new
(00:49 / All) nutsonyochin.de: http://www.battle.net/forums/war3/thread.aspx?fn=war3-general&t=2068208&s=new&tmp=1#new
(00:49 / All) nutsonyochin.de: http://www.battle.net/forums/war3/thread.aspx?fn=war3-general&t=2068208&s=new&tmp=1#new
(00:50 / All) nutsonyochin.de: http://www.battle.net/forums/war3/thread.aspx?fn=war3-general&t=2068208&s=new&tmp=1#new
(00:51 / All) nautpadinkin.no: thisagay
(01:03 / All) FaTaLiTy[R.i.P]: k i love gays
(01:07 / All) nutsonyochin.de: STFU
(04:00 / All) nutsonyochin.de: TOWER LAMER
(04:06 / All) dogsandhorse.ru: u got 7 on mine
(07:00 / All) nutsonyochin.de: buh byes
(09:20 / All) dogsandhorse.ru: gl hf
(09:44 / All) Warrior_Master: good luck
(11:42 / All) dogsandhorse.ru: LMAO
(18:17 / All) dogsandhorse.ru: ??????????????
(18:19 / All) dogsandhorse.ru: you all ok?
(18:31 / All) nautpadinkin.no: how are u
(21:42 / All) nautpadinkin.no: how are u
(21:46 / All) VaChiErSaLMaKaK: and you?
(21:54 / All) nautpadinkin.no: you didnt answer :(
(21:55 / All) nautpadinkin.no: u ok?
(22:01 / All) VaChiErSaLMaKaK: u too
(22:02 / All) AlasPoorYorick: pretty goooooood
(22:03 / All) VaChiErSaLMaKaK: ok?
(22:06 / All) FaTaLiTy[R.i.P]: yeah and you ?
(22:13 / All) nautpadinkin.no: have you seen
(22:15 / All) nautpadinkin.no: a tower before?
(22:18 / All) nautpadinkin.no: this is many...
(22:39 / All) dogsandhorse.ru: i give u a gift
(22:42 / All) dogsandhorse.ru: so that this game may last longer
(23:26 / All) dogsandhorse.ru: i give u that
(23:28 / All) dogsandhorse.ru: at green exp
(23:36 / All) dogsandhorse.ru: Enjoy, noobs
(23:38 / All) dogsandhorse.ru: Enjoobs
(24:00 / All) nautpadinkin.no: heya
(24:42 / All) nautpadinkin.no: makaki islands
(25:57 / All) nautpadinkin.no: jorn the redeemer
(26:00 / All) nautpadinkin.no: making bank
(26:05 / All) nautpadinkin.no: you can sell another
(26:10 / Allies) dogsandhorse.ru: SELL IT
(26:10 / All) nautpadinkin.no: sell
(26:12 / All) dogsandhorse.ru: SELL IT
(26:14 / All) dogsandhorse.ru: u will need
(26:17 / All) nautpadinkin.no: and put on shop
(26:18 / All) nautpadinkin.no: u need gold
(26:24 / All) VaChiErSaLMaKaK: why need?
(26:27 / All) VaChiErSaLMaKaK: 5k
(26:29 / All) nautpadinkin.no: you will run out of gold
(26:35 / All) nautpadinkin.no: you have killed 1.5 tower
(26:52 / All) dogsandhorse.ru: WTF
(26:59 / All) dogsandhorse.ru: u want more tps?
(28:50 / All) dogsandhorse.ru: hey use it or lose it
(32:02 / All) AlasPoorYorick: NOW IS THE WINTER OF YOUR DISCONENT
(32:08 / All) AlasPoorYorick: DISCONTENT
(33:50 / All) FaTaLiTy[R.i.P]: PTIN
(34:01 / All) nautpadinkin.no: PUTIN?
(35:49 / All) AlasPoorYorick: NOW IS THE WINTER
(35:52 / All) AlasPoorYorick: OF YOUR DISCONTENT
(36:25 / All) dogsandhorse.ru: u need more tP?
(37:24 / All) dogsandhorse.ru: TP Delivery
(37:29 / All) VaChiErSaLMaKaK: we go eat
(37:34 / All) nutsonyochin.de: a dick
(37:36 / All) nutsonyochin.de: ??????>
(37:37 / All) dogsandhorse.ru: your shorts
(37:41 / All) nutsonyochin.de: roflmso
(37:46 / All) nautpadinkin.no: Kapowza
(37:46 / All) nutsonyochin.de: ger # 1
(37:50 / All) AlasPoorYorick: pssssssssssshhhhhhhhhhhhh
(37:54 / All) VaChiErSaLMaKaK: bye :)
(37:59 / All) nautpadinkin.no: deutschland deutschland deutschland
(38:04 / All) nautpadinkin.no: see you in 30 second when we attack
(38:08 / All) VaChiErSaLMaKaK: on re dans 1 heure bande de bousseur :)
(38:11 / All) nautpadinkin.no: and you mysteriously reappear at your computer fatso
(38:14 / All) dogsandhorse.ru: FRENCH SCUM
(38:21 / All) nutsonyochin.de: france why dont u surrender to my grand pappy
(38:23 / All) dogsandhorse.ru: U DIDNOT HELP RUS IN WW2
(40:06 / Allies) AlasPoorYorick: psshshhhhh
(41:06 / All) AlasPoorYorick: hows your dinner
(41:12 / All) VaChiErSaLMaKaK: not me
(41:15 / All) VaChiErSaLMaKaK: 2/4
(42:47 / All) dogsandhorse.ru: chloaca
(43:02 / Allies) nutsonyochin.de: chlever
(43:03 / Allies) nutsonyochin.de: ??
(45:04 / All) nautpadinkin.no: lmfao
(45:06 / All) nautpadinkin.no: wasted ur mana
(45:07 / All) nautpadinkin.no: Bitch
(45:08 / All) nautpadinkin.no: noob
(45:40 / All) dogsandhorse.ru: Still ALive
(52:08 / All) nautpadinkin.no: how are U
(52:18 / All) Warrior_Master: I FUCK YOU MOTHER
(52:21 / All) Warrior_Master: SUCKER
(52:25 / All) nautpadinkin.no: u
(52:27 / All) nautpadinkin.no: Pretty noob?
(52:33 / All) Warrior_Master: yes i pretty
(52:34 / All) Warrior_Master: :)
(52:47 / All) AlasPoorYorick: NOW IS THE WINTER
(52:51 / All) AlasPoorYorick: OF YOUR DISCONTENT
(52:53 / All) dogsandhorse.ru: PSHHHHHHHHH!!!!!!!!!!
(53:05 / All) Warrior_Master: ohh i fear
(54:27 / Allies) nutsonyochin.de: GOLD
(54:27 / Allies) nutsonyochin.de: http://www.battle.net/forums/war3/thread.aspx?fn=war3-general&t=2068208&s=new&tmp=1#new
(54:27 / Allies) nutsonyochin.de: http://www.battle.net/forums/war3/thread.aspx?fn=war3-general&t=2068208&s=new&tmp=1#new
(54:28 / Allies) nutsonyochin.de: http://www.battle.net/forums/war3/thread.aspx?fn=war3-general&t=2068208&s=new&tmp=1#new
(54:28 / Allies) nutsonyochin.de: http://www.battle.net/forums/war3/thread.aspx?fn=war3-general&t=2068208&s=new&tmp=1#new
(54:28 / Allies) nutsonyochin.de: http://www.battle.net/forums/war3/thread.aspx?fn=war3-general&t=2068208&s=new&tmp=1#new
(54:33 / All) dogsandhorse.ru: HTTP://highper.ch/
(54:36 / All) nautpadinkin.no: all noobs
(54:39 / All) nautpadinkin.no: warriior master
(54:43 / All) nautpadinkin.no: visit www.highper.ch